 Dungeon Crawl Stone Soup version 0.31-a0-986-g5e6e4ef867 (webtiles) character file.

Game seed: 1319562101191869571

15108 arthad the Thaumaturge (level 11, 0/62 HPs)
             Began as a Deep Elf Conjurer on Nov 12, 2023.
             Was an Elder of Vehumet.
             Killed by an exploding fulminant prism (30 damage)
             ... on level 11 of the Dungeon.
             The game lasted 00:46:02 (14045 turns).

arthad the Thaumaturge (Deep Elf Conjurer)         Turns: 14045, Time: 00:46:02

Health: 0/62       AC:  8    Str:  4    XL:     11   Next: 97%
Magic:  23/28      EV: 20    Int: 38    God:    Vehumet [****..]
Gold:   374        SH:  0    Dex: 13    Spells: 12/32 levels left

rFire   . . .        u - staff of conjuration
rCold   + . .        (no shield)
rNeg    + . .        D - +1 robe "Muak" {rC+ Int+5}
rPois   .            (no helmet)
rElec   .            p - +3 cloak "Ziaw" {rN+ Will+ Int+5}
rCorr   .            (no gloves)
SInv    .            Q - +0 pair of boots
Will    ++...        k - amulet of regeneration
Stlth   ++++         d - +5 ring of evasion
HPRegen 1.10/turn    X - ring of wizardry
MPRegen 0.21/turn

%: wizardry (x1)
@: no status effects
A: no striking features
a: Renounce Religion


You were on level 11 of the Dungeon.
You worshipped Vehumet.
Vehumet was greatly pleased with you.
You visited 1 branch of the dungeon, and saw 11 of its levels.
You also visited: Sewer and Ossuary.

You collected 802 gold pieces.
You spent 428 gold pieces at shops.

Inventory:

Hand Weapons
 q - the +10 quarterstaff "Faotokk" {vamp, rElec rPois Will+}
   (You found it on level 11 of the Dungeon)

   rElec:     It insulates you from electricity.
   rPois:     It protects you from poison Will+: It increases your willpower.
 v - a +2 vampiric short sword
 V - a +1 broad axe of flaming
Missiles
 j - 44 poisoned darts
 o - 3 throwing nets
 s - 15 javelins
 A - 3 curare-tipped darts
 C - 4 boomerangs
Armour
 e - a +0 buckler
 p - the +3 cloak "Ziaw" (worn) {rN+ Will+ Int+5}
   (You found it on level 2 of the Dungeon)

   Int+5:     It affects your intelligence (+5).
   rN+:       It protects you from negative energy.
   Will+:     It increases your willpower.
 D - the +1 robe "Muak" (worn) {rC+ Int+5}
   (You bought it in a shop on level 5 of the Dungeon)

   Int+5:     It affects your intelligence (+5).
   rC+:       It protects you from cold.
 H - a +0 ring mail of cold resistance
 N - a +2 robe of positive energy
 Q - a +0 pair of boots (worn)
 W - +0 steam dragon scales
Magical Staves
 u - a staff of conjuration (weapon)
Jewellery
 a - a ring of poison resistance
 d - a +5 ring of evasion (left hand)
 k - an amulet of regeneration (around neck)
 r - a +6 ring of strength
 P - a ring of fire
 X - a ring of wizardry (right hand)
 Z - a ring of positive energy
Talismans
 O - a granite talisman
Wands
 J - a wand of digging (2)
 L - a wand of iceblast (11)
 R - a wand of paralysis (20)
 T - a wand of flame (10)
 U - a wand of light (4)
Scrolls
 h - 3 scrolls of blinking
 l - 6 scrolls of teleportation
 n - 5 scrolls of enchant armour
 t - 4 scrolls of fear
 I - a scroll of immolation
 K - a scroll of fog
 M - a scroll of poison
 S - a scroll of enchant weapon
Potions
 b - a potion of magic
 c - 5 potions of mutation
 f - 3 potions of berserk rage
 g - 5 potions of resistance
 i - 4 potions of curing
 m - a potion of might {unknown}
 w - 3 potions of enlightenment
 x - a potion of attraction {unknown}
 z - 2 potions of haste {unknown}
 B - 4 potions of invisibility {unknown}
 E - a potion of ambrosia {unknown}
 F - a potion of brilliance {unknown}
 G - 3 potions of heal wounds
 Y - a potion of cancellation {unknown}


   Skills:
 + Level 4.7 Fighting
 + Level 2.5 Armour
 + Level 7.7 Dodging
 + Level 8.3 Stealth
 * Level 11.3 Spellcasting
 * Level 10.3 Conjurations
 * Level 10.4 Hexes
 + Level 5.6 Translocations
 + Level 3.8 Air Magic
 + Level 4.0 Poison Magic


You had 12 spell levels left.
You knew the following spells:

 Your Spells              Type           Power      Damage    Failure   Level
a - Magic Dart            Conj           100%       1d8       1%          1
b - Searing Ray           Conj           100%       2d8       1%          2
c - Dazzling Flash        Conj/Hex       100%       N/A       1%          3
d - Fulminant Prism       Conj/Hex       50%        3d22      1%          4
e - Iskenderun's Mystic   Conj/Tloc      89%        2d17      1%          4
f - Poisonous Vapours     Pois/Air       100%       N/A       1%          2
g - Olgreb's Toxic Radia  Pois           51%        N/A       1%          4

Your spell library contained the following spells:

 Spells                   Type           Power      Damage    Failure   Level
 Brom's Barrelling Bould  Conj/Erth      74%        2d9       1%          4
 Freeze                   Ice            84%        1d9       1%          1
 Lesser Beckoning         Tloc           100%       N/A       1%          2
 Frozen Ramparts          Ice            42%        1d7       1%          3
 Gell's Gravitas          Tloc           59%        N/A       1%          3
 Hailstorm                Conj/Ice       74%        3d15      1%          3
 Teleport Other           Tloc           59%        N/A       1%          3
 Tukima's Dance           Hex            79%        N/A       1%          3
 Dimensional Bullseye     Hex/Tloc       35%        N/A       1%          4


Dungeon Overview and Level Annotations

Branches:
Dungeon (11/15)            Temple (0/1) D:7            Lair (0/5) D:9
  Sewer (visited)         Ossuary (visited)
    Orc: D:9-12

Altars:
Dithmenos
Elyvilon
Fedhas
Hepliaklqana
Makhleb
Okawaru
Qazlal
Ru
Vehumet
Wu Jian
Yredelemnul

Shops:
D:5 ([[![   D:6 (   D:10 (   D:11 !

Annotations:
D:10 1 runed translucent door


Message History

You feel a surge of power!
You conjure a prism of explosive energy!
A fulminant prism comes into view.
Your fulminant prism crackles loudly.
The cyclops throws a large rock.
The large rock hits your fulminant prism!!
Your fulminant prism explodes!
The blast of energy engulfs the cyclops!!!
You kill the cyclops!
Vehumet accepts your kill.
You feel your power returning.
HP restored.
Magic restored.
A swamp worm comes into view.
A swamp worm is nearby!
Casting: Fulminant Prism (safe; 1% risk of failure)
Confirm with . or Enter, or press ? or * to list all spells.
Aiming: Fulminant Prism (safe; 1% risk of failure)
Press: ? - help, Dir - move target You feel a surge of power!
You conjure a prism of explosive energy!
A fulminant prism comes into view.
Casting: Fulminant Prism (safe; 1% risk of failure)
Confirm with . or Enter, or press ? or * to list all spells.
Aiming: Poisonous Vapours (safe; 1% risk of failure)
Press: ? - help, Dir - move target, f - swamp worm
Aim: a swamp worm (ally target) Poisonous vapours surround the swamp worm!
The swamp worm is poisoned.
The swamp worm fires a harpoon shot at you.
The harpoon shot hits you!
You are yanked forward by the harpoon shot.
Your fulminant prism crackles loudly.
The swamp worm bites you!!
Your fulminant prism explodes!
The blast of energy engulfs the swamp worm!!!
You kill the swamp worm!
Vehumet accepts your kill.
You feel your power returning. The blast of energy engulfs you!!
You die...

.......###....##.## #.
##..........#####.## ##..
##.......### #..##....
##....#...## #.......$.
......##...# #.........
.#..).###..## #.........
##.....###..## #.........
#.......##...####.........
#.>......##...##@.........
..........##..............
...........#..####.......
......#.......~~~†~##....
.....#.......~~≈~≈~~###..
#...[......~~~~###~~~ #
#.........~~~### ##≈~
##........~≈## ~~~
##........~~#


There were no monsters in sight!

Vanquished Creatures
  A boulder beetle (D:11)
  3 two-headed ogres
  An orange crystal statue (D:11)
  An obsidian statue (D:9)
  A cyclops (D:11)
  An ugly thing (D:11)
  2 elephants (D:9)
  Joseph (D:9)
  A gargoyle (D:10)
  Maggie (D:9)
  2 unseen horrors (D:11)
  3 trolls
  Prince Ribbit (D:7)
  A shadow (D:10)
  2 wraiths
  A wyvern (D:9)
  14 yaks
  3 vampire mosquitoes (D:11)
  4 swamp worms (D:11)
  An acid dragon (D:9)
  A water moccasin (D:6)
  2 ice beasts (D:5)
  5 sky beasts
  4 orc warriors
  2 black bears
  An ogre (D:5)
  4 centaurs
  3 phantoms
  9 kobold brigands
  4 bullfrogs (D:7)
  3 scorpions
  5 wights (D:7)
  6 howler monkeys
  2 hounds (D:5)
  2 jellies (D:7)
  6 orc priests
  4 iguanas
  6 orc wizards
  8 mummies (Ossuary)
  13 adders
  11 gnolls
  2 river rats
  3 white imps
  6 ufetubi
  3 worms (Sewer)
  8 dart slugs
  49 orcs
  9 bats
  7 endoplasms
  4 giant cockroaches
  16 hobgoblins
  9 jackals
  8 ball pythons
  A frilled lizard (D:1)
  A gnoll zombie (Ossuary)
  7 goblins
  2 hobgoblin zombies (Ossuary)
  A jackal zombie (D:10)
  25 kobolds
  4 kobold zombies
  2 orc zombies (Ossuary)
  9 rats
  A fulminant prism (D:11)
323 creatures vanquished.

Vanquished Creatures (others)
  29 fulminant prisms
29 creatures vanquished.

Grand Total: 352 creatures vanquished

Notes
Turn   | Place    | Note
-------+----------+-------------------------------------------
     0 | D:1      | arthad the Deep Elf Conjurer began the quest for the Orb.
     0 | D:1      | Reached XP level 1. HP: 10/10 MP: 6/6
   197 | D:1      | Reached XP level 2. HP: 15/15 MP: 4/8
   460 | D:1      | Learned a level 2 spell: Searing Ray
   651 | D:1      | Reached XP level 3. HP: 19/19 MP: 2/10
  1356 | D:2      | Learned a level 3 spell: Dazzling Flash
  1474 | D:2      | Reached XP level 4. HP: 24/24 MP: 6/11
  1768 | D:2      | Reached skill level 4 in Spellcasting
  1925 | D:2      | Reached skill level 5 in Conjurations
  1934 | D:2      | Reached skill level 1 in Hexes
  2305 | D:2      | Identified the +3 cloak "Ziaw" {rN+ Will+ Int+5}
  2655 | D:3      | Reached XP level 5. HP: 28/28 MP: 10/13
  3054 | D:3      | Found a radiant altar of Vehumet.
  3060 | D:3      | Became a worshipper of Vehumet
  3352 | D:3      | Found a burning altar of Makhleb.
  3352 | D:3      | Noticed an Executioner
  3829 | D:4      | Reached skill level 1 in Fighting
  3835 | D:4      | Reached skill level 5 in Spellcasting
  3835 | D:4      | Reached XP level 6. HP: 34/34 MP: 3/15
  3987 | D:4      | Found a sand-covered staircase.
  3999 | Ossuary  | Entered an ossuary
  4005 | Ossuary  | Learned a level 4 spell: Fulminant Prism
  4013 | Ossuary  | Learned a level 4 spell: Iskenderun's Mystic Blast
  4205 | Ossuary  | Reached * piety under Vehumet
  4205 | Ossuary  | Offered knowledge of Kiss of Death by Vehumet.
  4828 | D:5      | Entered Level 5 of the Dungeon
  4861 | D:5      | Reached XP level 7. HP: 35/38 MP: 3/17
  4965 | D:5      | Reached skill level 1 in Translocations
  5096 | D:5      | Reached skill level 6 in Spellcasting
  5132 | D:5      | Found Efumigh's Armour Emporium.
  5190 | D:5      | Bought the +1 robe "Muak" {rC+ Int+5} for 332 gold pieces
  5250 | D:5      | Found Laen's Armour Emporium.
  5273 | D:5      | Found Zareofaly's Antique Armour Shoppe.
  5317 | D:5      | Found Micvozi's Antique Weapon Shop.
  5343 | D:5      | Found a stormy altar of Qazlal.
  5352 | D:5      | Found Zemali's Distillery.
  5358 | D:5      | Bought a potion of heal wounds for 60 gold pieces
  5358 | D:5      | Bought a potion of curing for 36 gold pieces
  5479 | D:5      | Reached ** piety under Vehumet
  5598 | D:5      | Reached XP level 8. HP: 44/44 MP: 16/19
  5636 | D:5      | Found a sacrificial altar of Ru.
  5771 | D:5      | Found a shadowy altar of Dithmenos.
  5819 | D:5      | Reached skill level 5 in Stealth
  6139 | D:6      | Offered knowledge of Foxfire by Vehumet.
  6247 | D:6      | Found a glowing drain.
  6296 | Sewer    | Entered a sewer
  6429 | Sewer    | Reached skill level 5 in Hexes
  6656 | Sewer    | Reached skill level 7 in Spellcasting
  6700 | Sewer    | Reached skill level 5 in Dodging
  6913 | Sewer    | Offered knowledge of Poisonous Vapours by Vehumet.
  6963 | Sewer    | Learned a level 2 spell: Poisonous Vapours
  7155 | Sewer    | Reached *** piety under Vehumet
  7344 | D:6      | Reached XP level 9. HP: 34/49 MP: 16/22
  7635 | D:6      | Reached skill level 8 in Spellcasting
  7748 | D:6      | Offered knowledge of Mephitic Cloud by Vehumet.
  7802 | D:6      | Found Imeote's Hydra Hut.
  7805 | D:6      | Noticed an eight-headed hydra
  8070 | D:6      | Reached **** piety under Vehumet
  8455 | D:7      | Offered knowledge of Olgreb's Toxic Radiance by Vehumet.
  8461 | D:7      | Learned a level 4 spell: Olgreb's Toxic Radiance
  8783 | D:7      | Found a staircase to the Ecumenical Temple.
  8783 | D:7      | Noticed Prince Ribbit
  8790 | D:7      | Killed Prince Ribbit
  8943 | D:7      | Reached skill level 1 in Air Magic
  8943 | D:7      | Reached skill level 1 in Poison Magic
  9522 | D:8      | Reached skill level 9 in Spellcasting
  9538 | D:8      | Reached XP level 10. HP: 56/56 MP: 5/25
 10083 | D:8      | Found a white marble altar of Elyvilon.
 10165 | D:8      | Found a hazy altar of Hepliaklqana.
 10167 | D:8      | Found an iron altar of Okawaru.
 10169 | D:8      | Found a blossoming altar of Fedhas.
 10173 | D:8      | Found an ornate altar of the Wu Jian Council.
 10724 | D:9      | Noticed a two-headed ogre
 10731 | D:9      | Killed a two-headed ogre
 10927 | D:9      | Noticed Joseph
 10928 | D:9      | Noticed a two-headed ogre
 10937 | D:9      | Killed Joseph
 10937 | D:9      | Killed a two-headed ogre
 11090 | D:9      | Reached skill level 10 in Spellcasting
 11096 | D:9      | Noticed Maggie
 11109 | D:9      | Killed Maggie
 11110 | D:9      | Reached skill level 1 in Armour
 11257 | D:9      | Noticed an obsidian statue
 11266 | D:9      | Noticed a rust devil
 11266 | D:9      | Noticed a sun demon
 11266 | D:9      | Killed an obsidian statue
 11271 | D:9      | Reached ***** piety under Vehumet
 11272 | D:9      | Reached skill level 5 in Translocations
 11272 | D:9      | Reached XP level 11. HP: 61/61 MP: 9/27
 11454 | D:9      | Offered knowledge of Brom's Barrelling Boulder by Vehumet.
 11687 | D:9      | Found a staircase to the Lair.
 11981 | D:10     | Entered Level 10 of the Dungeon
 11981 | D:10     | Found Kannum's Antique Weapon Shoppe.
 12760 | D:10     | Found a runed translucent door.
 12762 | D:10     | Found a basalt altar of Yredelemnul.
 13094 | D:11     | Identified the "Cihit"
 13096 | D:11     | Noticed a two-headed ogre
 13101 | D:11     | Killed a two-headed ogre
 13241 | D:11     | Reached skill level 10 in Conjurations
 13241 | D:11     | Reached skill level 10 in Hexes
 13277 | D:11     | Found Otiteleh's Distillery.
 13349 | D:11     | Noticed a purple ugly thing
 13363 | D:11     | Killed a purple ugly thing
 13364 | D:11     | Reached skill level 11 in Spellcasting
 13592 | D:11     | Noticed a boulder beetle
 13603 | D:11     | Killed a boulder beetle
 13780 | D:11     | Noticed an orange crystal statue
 13789 | D:11     | Killed an orange crystal statue
 13902 | D:11     | Identified the +10 quarterstaff "Faotokk" {vamp, rElec
                  | rPois Will+}
 14045 | D:11     | Killed by an exploding fulminant prism

Illustrated notes

Levels and vault maps discovered:
D:1:      ncdulo_wetmaze, layout_basic
D:2:      layout_basic
D:3:      layout_loops_ring, mainiacjoe_overflow_chevrons,
          makhleb_altar_promises_db, serial_bayou, serial_bayou_pond_d,
          serial_bayou_pond_b, serial_bayou_shore_a, serial_bayou_lagoon_a,
          serial_bayou_shore_b, serial_bayou_shore_b
D:4:      layout_loops_cross, mainiacjoe_ossuary_entry_dusty_tomb,
          hangedman_abyss_or_decor_passed
D:5:      layout_basic, kennysheep_mini, mainiacjoe_overflow_catch_the_wave,
          serial_shops, nicolae_inconvenience_store, nicolae_lakefront_shop,
          nicolae_shop_statue_plus, shop, nicolae_square_shop, feat_on_display
D:6:      corexii_shantytown, layout_rooms, portal_sewer_entry_a,
          doesnt_shop_hydraphobe
D:7:      layout_loops_ring, minmay_temple_entry_hall, uniq_prince_ribbit1
D:8:      layout_basic, nicolae_elyvilon_peaceful_grove,
          nicolae_overflow_macrodata_refinement
D:9:      layout_gridville, grunt_lair_entry_orc_guard_hut, minivault_16,
          uniq_maggie, uniq_joseph
D:10:     layout_long_grid, dk_yredelemnul_ordeal, serial_shops,
          nicolae_stop_n_shop_1, minmay_crystal_room
D:11:     layout_layer_cave, serial_shops, nicolae_shop_rolling_square,
          enter_trove_6, minivault_15, worms_lemuel

Skill      XL: |  1  2  3  4  5  6  7  8  9 10 11 |
---------------+----------------------------------+-----
Stealth        | 3 4 5 6 7 8 |  8.3
Dodging        | 3 4 5 6 7 |  7.7
Spellcasting   | 4 5 6 7 9 10 11 | 11.3
Conjurations   | 5 6 7 8 9 10 | 10.3
Hexes          | 1 2 3 4 6 7 9 10 | 10.4
Fighting       | 1 2 3 4 |  4.7
Translocations | 1 3 4 5 |  5.6
Air Magic      | 1 2 3 |  3.8
Poison Magic   | 1 2 4 |  4.0
Armour         | 1 2 |  2.5

Action                     |  1- 3 |  4- 6 |  7- 9 | 10-12 || total
---------------------------+-------+-------+-------+-------++-------
  Melee: Dagger            |     1 |       |       |       ||     1
         Staff             |       |       |       |     1 ||     1
   Cast: Magic Dart        |    77 |   168 |   186 |    57 ||   488
         Searing Ray       |       |    14 |    74 |    37 ||   125
         Iskenderun's Myst |       |       |     1 |    27 ||    28
         Olgreb's Toxic Ra |       |       |     3 |    14 ||    17
         Poisonous Vapours |       |       |     2 |    47 ||    49
         Fulminant Prism   |       |       |       |    30 ||    30
         Dazzling Flash    |       |       |       |     1 ||     1
  Evoke: Wand              |       |       |       |     1 ||     1
    Use: Scroll            |       |     5 |     4 |     7 ||    16
         Potion            |       |       |       |     1 ||     1
   Stab: Paralysed         |       |       |       |     1 ||     1
 Armour: Robe              |     2 |    12 |    36 |    30 ||    80
  Dodge: Dodged            |     7 |    26 |   104 |    45 ||   182

Table legend: (Time is in decaauts)
 A = Elapsed time spent in this place.
 B = Non-inter-level travel time spent in this place.
 C = Inter-level travel time spent in this place.
 D = Time resting spent in this place.
 E = Time spent auto-exploring this place.
 F = Levels seen in this place.
 G = Mean time per level.
                   A        B        C        D        E       F      G
               +--------+--------+--------+--------+--------+-----+--------+
         Total |  14245 |  14002 |    243 |    532 |  11211 |  13 | 1095.8 |
       Dungeon |  12491 |  12248 |    243 |    439 |   9890 |  11 | 1135.5 |
         Sewer |   1088 |   1088 |      0 |      0 |    899 |   1 | 1088.0 |
       Ossuary |    665 |    665 |      0 |     93 |    422 |   1 |  665.0 |
               +--------+--------+--------+--------+--------+-----+--------+

Top non-repeatable levels by time:
     D:2: 1364 daAuts
     D:9: 1347 daAuts
     D:8: 1310 daAuts
     D:5: 1264 daAuts
     D:6: 1215 daAuts
     D:1: 1149 daAuts
    D:10: 1112 daAuts
   Sewer: 1088 daAuts
     D:7: 1087 daAuts
     D:3: 1036 daAuts
    D:11: 951 daAuts
 Ossuary: 665 daAuts
     D:4: 651 daAuts
